 Dungeon Crawl Stone Soup version 0.27-a0-998-g4cfe56dd59 (webtiles) character file.

Game seed: 3047140378840350172

889750 Tewichka the Cryomancer (level 27, -8/199 HPs)
             Began as a Kobold Enchanter on Apr 13, 2021.
             Was the Champion of Ashenzari.
             Mangled by an Ice Fiend (15 damage)
             ... on level 7 of Cocytus on Apr 17, 2021.
             The game lasted 08:54:26 (111653 turns).

Tewichka the Cryomancer (Kobold Enchanter)        Turns: 111653, Time: 08:54:27

Health: -8/199     AC: 30    Str:  6    XL:     27
Magic:  3/54       EV: 25    Int: 48    God:    Ashenzari [******]
Gold:   7625       SH: 10    Dex: 16    Spells: 3/80 levels left

rFire    + + +     SeeInvis +   O - +4 dagger "Morg" {pain, Will+ Int+5, Self, Comp} (curse)
rCold    + + .     Faith    .   c - +2 buckler "Lashed Awkwardness" {rPois rC+ Will- Int+4, Evo, Cun} (curse)
rNeg     + + +     Spirit   .   V - +2 faerie dragon scales {rElec rF+ rCorr, Evo, Self} (curse)
rPois    ∞         Reflect  .   R - +2 hat of Toth-Mos's Legacy {Evo, Comp} (curse)
rElec    +         Harm     .   a - scarf of Ashenzari's Paranoia {shadows, Elem, Bglg} (curse)
rCorr    +         Rampage  +   o - +2 pair of gloves of Ashenzari's Adversity {Rampage rF+ Int+3 SInv, Fort, Self} (curse)
Will     ++++.     Clarity  +   q - +2 pair of boots "Enigmatic Lifelessness" {Fly, Comp, Fort} (curse)
Stlth    ++++++++++             b - amulet "Augurer of Ashenzari" {RegenMP, Fort, Self} (curse)
HPRegen  0.43/turn              x - ring of Ashenzari's Sybil {*Corrode rF+++ rN+ Will+ SInv, Evo, Self} (curse)
MPRegen  0.59/turn              w - ring "Negation of the Sky" {Int+6, Elem, Cun} (curse)

@: about to teleport, lich-form, on tornado cooldown, flying, studying Bows
A: draining attack, torment immunity, no potions, small, no large weapons,
nightstalker 3, talons 1, iridescent scales 1, clever 1, poison resistance
}: 5/15 runes: decaying, slimy, silver, icy, gossamer
a: End Transformation, Renounce Religion, Shatter the Chains


You were on level 7 of Cocytus.
You worshipped Ashenzari.
Ashenzari was exalted by your worship.
You were an undead lich.
You visited 15 branches of the dungeon, and saw 67 of its levels.
You also visited: Trove, Sewer and Bailey.

You collected 12790 gold pieces.
You spent 5165 gold pieces at shops.

Inventory:

Hand Weapons
 O - the cursed +4 dagger "Morg" (weapon) {pain, Will+ Int+5, Self, Comp}
   (You found it on level 3 of the Crypt)

   In the hands of one skilled in necromantic magic, it inflicts extra damage on
   living creatures.
   It affects your intelligence (+5).
   It increases your willpower.
   It has a curse which improves the following skills: Introspection: Fighting
   and Spellcasting.
   Companions: Summonings and Necromancy.
Armour
 a - the cursed scarf of Ashenzari's Paranoia (worn) {shadows, Elem, Bglg}
   (You acquired it on level 6 of the Lair of Beasts)

   It has a curse which improves the following skills: Elements: Fire Magic, Ice
   Magic, Air Magic and Earth Magic.
   Beguiling: Conjurations, Hexes and Translocations.
 c - the cursed +2 buckler "Lashed Awkwardness" (worn) {rPois rC+ Will- Int+4, Evo, Cun}
   (You acquired it on level 6 of the Lair of Beasts)

   It affects your intelligence (+4).
   It protects you from cold.
   It protects you from poison.
   It decreases your willpower.
   It has a curse which improves the following skills: Evocations: Evocations.
   Cunning:   Dodging and Stealth.
 o - the cursed +2 pair of gloves of Ashenzari's Adversity (worn) {Rampage rF+ Int+3 SInv, Fort, Self}
   (You acquired it on level 6 of the Dungeon)

   It affects your intelligence (+3).
   It protects you from fire.
   It lets you see invisible.
   It bestows one free step when moving towards enemies.
   It has a curse which improves the following skills: Fortitude: Armour and
   Shields.
   Introspection: Fighting and Spellcasting.
 q - the cursed +2 pair of boots "Enigmatic Lifelessness" (worn) {Fly, Comp, Fort}
   (You bought it in a shop on level 4 of the Dungeon)

   It has a curse which improves the following skills: Companions: Summonings
   and Necromancy.
   Fortitude: Armour and Shields.
 R - the cursed +2 hat of Toth-Mos's Legacy (worn) {Evo, Comp}
   (You found it on level 3 of the Depths)

   It has a curse which improves the following skills: Evocations: Evocations.
   Companions: Summonings and Necromancy.
 V - the cursed +2 faerie dragon scales (worn) {rElec rF+ rCorr, Evo, Self}
   (You took it off the Enchantress on level 4 of the Depths)

   It protects you from fire.
   It insulates you from electricity.
   It protects you from acid and corrosion.
   It has a curse which improves the following skills: Evocations: Evocations.
   Introspection: Fighting and Spellcasting.
Jewellery
 b - the cursed amulet "Augurer of Ashenzari" (around neck) {RegenMP, Fort, Self}
   (You found it in a treasure trove)

   [amulet of magic regeneration]

   It increases your rate of magic regeneration.
   It has a curse which improves the following skills: Fortitude: Armour and
   Shields.
   Introspection: Fighting and Spellcasting.
 v - the ring "Cokaheuj" {Fly rPois Str+3}
   (You found it on level 5 of the Vaults)

   [ring of flight]

   It affects your strength (+3).
   It protects you from poison.
   It grants you flight.
 w - the cursed ring "Negation of the Sky" (right hand) {Int+6, Elem, Cun}
   (You found it on level 6 of the Dungeon)

   [ring of intelligence]

   It affects your intelligence (+6).
   It has a curse which improves the following skills: Elements: Fire Magic, Ice
   Magic, Air Magic and Earth Magic.
   Cunning:   Dodging and Stealth.
 x - the cursed ring of Ashenzari's Sybil (left hand) {*Corrode rF+++ rN+ Will+ SInv, Evo, Self}
   (You bought it in a shop on level 2 of the Orcish Mines)

   [ring of willpower]

   It renders you almost immune to fire.
   It protects you from negative energy.
   It lets you see invisible.
   It may corrode you when you take damage.
   It increases your willpower.
   It has a curse which improves the following skills: Evocations: Evocations.
   Introspection: Fighting and Spellcasting.
Wands
 m - a wand of digging (46)
 p - a wand of acid (8)
 r - a wand of flame (181)
 u - a wand of charming (44)
 L - a wand of polymorph (16)
 U - a wand of mindburst (29)
 W - a wand of iceblast (64)
 Y - a wand of paralysis (74)
Scrolls
 f - 4 scrolls of enchant weapon
 g - 3 scrolls of brand weapon
 i - 2 scrolls of enchant armour
 j - 6 scrolls of teleportation
 l - 3 scrolls of vulnerability
 s - 8 scrolls of blinking
 C - a scroll of torment
 G - 3 scrolls of fear
 H - 3 scrolls of fog
 I - 3 scrolls of silence
 K - 11 scrolls of immolation
 P - 9 scrolls of amnesia
 Q - 6 scrolls of magic mapping
 S - a scroll of summoning
 Z - 2 scrolls of holy word
Potions
 d - 28 potions of curing
 e - 11 potions of brilliance
 h - 7 potions of cancellation
 k - 4 potions of resistance
 n - 22 potions of might
 t - 5 potions of mutation
 z - 10 potions of heal wounds
 A - 7 potions of ambrosia
 B - 5 potions of invisibility
 D - 4 potions of haste
 F - 7 potions of magic
Miscellaneous
 y - a piece from Xom's chessboard (15/15)
 E - a condenser vane (inert)
 X - a phantom mirror


   Skills:
 - Level 20.1(27) Fighting
 - Level 10.8 Short Blades
 + Level 13.1(18.5) Armour
 + Level 17.5(21.3) Dodging
 - Level 22.5(25.8) Stealth
 - Level 5.6(11.2) Shields
 - Level 21.6(27) Spellcasting
 - Level 12.5(15.2) Hexes
 * Level 20.2(24.9) Necromancy
 + Level 16.7 Transmutations
 * Level 22.9(26.2) Ice Magic
 + Level 20.3(23.8) Air Magic
 + Level 15.7(19.6) Earth Magic


You had 3 spell levels left.
You knew the following spells:

 Your Spells              Type           Power      Damage    Failure   Level
a - Passwall              Tmut/Erth      100%       N/A       0%          2
b - Death's Door          Necr           83%        N/A       1%          9
c - Confusing Touch       Hex            100%       N/A       0%          3
d - Discord               Hex            59%        N/A       3%          8
e - Absolute Zero         Ice            71%        ∞         1%          9
f - Petrify               Tmut/Erth      100%       N/A       0%          4
g - Tornado               Air            69%        N/A       1%          9
h - Necromutation         Tmut/Necr      79%        N/A       1%          8
i - Lee's Rapid Deconstr  Erth           65%        3d31*     0%          5
j - Shatter               Erth           65%        3d48*     9%          9
k - Swiftness             Air            100%       N/A       0%          3
l - Borgnjor's Revivific  Necr           83%        N/A       1%          8

Your spell library contained the following spells:

 Spells                   Type           Power      Damage    Failure   Level
 Animate Skeleton         Necr           100%       N/A       0%          1
 Beastly Appendage        Tmut           100%       N/A       0%          1
 Corona                   Hex            100%       N/A       0%          1
 Freeze                   Ice            100%       1d11      0%          1
 Pain                     Necr           100%       1d9       0%          1
 Sandblast                Erth           100%       2d20      0%          1
 Shock                    Conj/Air       100%       1d9       0%          1
 Sting                    Tmut/Pois      100%       1d8       0%          1
 Corpse Rot               Necr/Air       N/A        N/A       0%          2
 Ensorcelled Hibernation  Hex/Ice        100%       N/A       0%          2
 Poisonous Vapours        Pois/Air       100%       N/A       0%          2
 Slow                     Hex            100%       N/A       0%          2
 Static Discharge         Conj/Air       100%       N/A       0%          2
 Sublimation of Blood     Necr           83%        N/A       0%          2
 Frozen Ramparts          Ice            100%       1d12      0%          3
 Ozocubu's Armour         Ice            100%       N/A       0%          3
 Stone Arrow              Conj/Erth      100%       3d13      0%          3
 Tukima's Dance           Hex            100%       N/A       0%          3
 Vampiric Draining        Necr           83%        2d17      0%          3
 Apportation              Tloc           100%       N/A       1%          1
 Foxfire                  Conj/Fire      100%       2x1d9     1%          1
 Magic Dart               Conj           100%       1d8       1%          1
 Summon Small Mammal      Summ           100%       N/A       1%          1
 Blink                    Tloc           N/A        N/A       1%          2
 Call Imp                 Summ           65%        N/A       1%          2
 Searing Ray              Conj           100%       3d7       1%          2
 Call Canine Familiar     Summ           65%        N/A       1%          3
 Conjure Flame            Conj/Fire      63%        6-21      1%          3
 Dazzling Flash           Conj/Hex       100%       N/A       1%          3
 Gell's Gravitas          Tloc           31%        N/A       1%          3
 Ignite Poison            Fire/Tmut/Pois 88%        N/A       1%          3
 Inner Flame              Hex/Fire       96%        N/A       1%          3
 Lesser Beckoning         Tloc           31%        N/A       1%          3
 Mephitic Cloud           Conj/Pois/Air  97%        N/A       1%          3
 Portal Projectile        Hex/Tloc       100%       N/A       1%          3
 Spider Form              Tmut/Pois      49%        N/A       1%          3
 Summon Guardian Golem    Hex/Summ       97%        N/A       1%          3
 Teleport Other           Tloc           62%        N/A       1%          3
 Airstrike                Air            69%        N/A       0%          4
 Animate Dead             Necr           83%        N/A       0%          4
 Cause Fear               Hex            59%        N/A       0%          4
 Dispel Undead            Necr           100%       3d31      0%          4
 Hailstorm                Conj/Ice       100%       3d20      0%          4
 Ice Form                 Ice/Tmut       100%       N/A       0%          4
 Leda's Liquefaction      Hex/Erth       62%        N/A       0%          4
 Summon Ice Beast         Ice/Summ       100%       N/A       0%          4
 Summon Lightning Spire   Summ/Air       100%       N/A       0%          4
 Agony                    Necr           100%       N/A       0%          5
 Borgnjor's Vile Clutch   Necr/Erth      80%        N/A       0%          5
 Excruciating Wounds      Necr           83%        N/A       0%          5
 Metabolic Englaciation   Hex/Ice        66%        N/A       0%          5
 Silence                  Hex/Air        64%        N/A       0%          5
 Yara's Violent Unravell  Hex/Tmut       60%        3d23      0%          5
 Death Channel            Necr           83%        N/A       0%          6
 Simulacrum               Ice/Necr       84%        N/A       0%          6
 Ozocubu's Refrigeration  Ice            71%        4d19      0%          7
 Animate Armour           Summ/Erth      100%       N/A       1%          4
 Fulminant Prism          Conj/Hex       48%        3d21      1%          4
 Alistair's Intoxication  Tmut/Pois      65%        N/A       1%          5
 Bolt of Magma            Conj/Fire/Erth 46%        4d19      1%          5
 Irradiate                Conj/Tmut      49%        3d29      1%          5
 Lightning Bolt           Conj/Air       55%        1d77      1%          5
 Summon Mana Viper        Hex/Summ       97%        N/A       1%          5
 Blade Hands              Tmut           61%        N/A       1%          6
 Conjure Ball Lightning   Conj/Air       55%        3x3d20    1%          6
 Eringya's Noxious Bog    Tmut/Pois      49%        N/A       1%          6
 Freezing Cloud           Conj/Ice/Air   61%        6-21      1%          6
 Invisibility             Hex            100%       N/A       1%          6
 Iron Shot                Conj/Erth      51%        9d10      1%          6
 Statue Form              Tmut/Erth      84%        N/A       1%          6
 Dragon Form              Tmut           61%        N/A       1%          7
 Infestation              Necr           83%        N/A       1%          8
 Iskenderun's Mystic Bla  Conj/Tloc      62%        2d13      2%          4
 Olgreb's Toxic Radiance  Pois           59%        N/A       2%          4
 Sticky Flame             Conj/Fire      63%        2d8       2%          4
 Summon Forest            Summ/Tloc      32%        N/A       5%          5
 Fireball                 Conj/Fire      31%        3d13      6%          5
 Iskenderun's Battlesphe  Conj           62%        2d11      6%          5
 Manifold Assault         Tloc           62%        N/A       6%          5
 Chain Lightning          Conj/Air       55%        N/A       12%         8
 Shadow Creatures         Summ           N/A        N/A       28%         6
 Lehudib's Crystal Spear  Conj/Erth      51%        10d12     28%         8
 Starburst                Conj/Fire      31%        8x6d10    32%         6
 Summon Hydra             Summ           32%        N/A       83%         7
 Spellforged Servitor     Conj/Summ      32%        N/A       86%         7
 Orb of Destruction       Conj           31%        9d12      88%         7
 Dragon's Call            Summ           32%        N/A       100%        9
 Fire Storm               Conj/Fire      31%        8d8       100%        9


Dungeon Overview and Level Annotations

Branches:
Dungeon (15/15)            Temple (1/1) D:7            Lair (6/6) D:11
  Swamp (4/4) Lair:2       Spider (4/4) Lair:4        Slime (5/5) Lair:6
    Orc (2/2) D:11            Elf (3/3) Orc:2        Vaults (5/5) D:13
  Crypt (3/3) Vaults:3       Tomb (1/3) Crypt:3      Depths (5/5) D:15
   Hell (visited)             Dis (0/7) Hell            Geh (0/7) Hell
    Coc (7/7) Hell            Tar (0/7) Hell            Zot (5/5) Depths:5
  Sewer (visited)          Bailey (visited)

Altars:
Ashenzari
Cheibriados
Elyvilon
Hepliaklqana
Kikubaaqudgha
Okawaru
Ru
Sif Muna
Uskayaw
Vehumet
Wu Jian
Yredelemnul
Zin
The Shining One
Jiyva

Shops:
D:4 [[[   D:14 *   Orc:1 !   Orc:2 [[(=   Elf:2 **!((   Elf:3 [   Vaults:1 =
Vaults:2 !   Depths:1 :

Portals:
Hell: Depths:1 Depths:2 Depths:3 Depths:4 Depths:5
Abyss: Depths:3 Depths:4
Pandemonium: Depths:3
Ziggurat: Depths:5


Innate Abilities, Weirdness & Mutations

You are an undead lich.
Your unarmed attacks are suffused with negative energy.
You are immune to unholy pain and torment.
Your necromantic spells are more powerful.
You cannot drink.
You are small and have problems with some larger weapons.
You are completely attuned to the shadows.
You have sharp toenails.
You are partially covered in iridescent scales. (AC +2)
Your mind is acute. (Int +2)
Your system is resistant to poisons. (rPois)


Message History

You hear a hideous shriek!
Really fly into that cloud of freezing vapour?
Okay, then.
You kill the ice dragon!
You kill the ice devil!
The ice dragon bites the blizzard demon.
The ice dragon claws the blizzard demon.
The blizzard demon dies!
The Ice Fiend gestures at you. The bolt of cold hits you! You resist.
* * * LOW HITPOINT WARNING * * *
Unknown command.
As you read the scroll of teleportation, it crumbles to dust.
You feel strangely unstable.
You destroy the eight-headed hydra zombie!
The storm dragon simulacrum vapourises!
The winds around you start to calm down.
A shard shrike comes into view. x2
The Ice Fiend claws you but does no damage.
You block the Ice Fiend's attack.
The ice dragon bites the frost giant but does no damage.
The ice dragon barely misses the frost giant.
The ice dragon tramples the frost giant but does no damage.
You hear a screech! x2 "We have you now!"
A bone dragon, a white imp, a zombie and a simulacrum come into view.
The shard shrike claws you.
* * * LOW HITPOINT WARNING * * *
The shard shrike freezes you! You resist.
* * * LOW HITPOINT WARNING * * *
The ice dragon bites the frost giant!
The ice dragon barely misses the frost giant.
The ice dragon tramples the frost giant but does no damage.
The frost giant gestures at you while chanting.
The bolt of cold hits you!! You resist.
* * * LOW HITPOINT WARNING * * *
The bolt of cold hits the shard shrike!
The shard shrike resists.
You block the shard shrike's attack. The Ice Fiend claws you.
* * * LOW HITPOINT WARNING * * *
The Ice Fiend freezes you! You resist.
You die...

*≈≈≈≈≈≈≈≈≈≈≈≈≈≈≈≈≈,*,,,,,,{*,≈≈≈≈
*≈≈≈≈≈≈≈≈≈≈≈,,,,≈≈≈,*{{,,,*,≈≈≈,,
**≈≈≈≈≈≈≈≈≈,*###.≈{##*******,≈,*,
*≈≈≈≈≈≈≈≈,*Z...#.###*,,,****,*,,
*≈≈≈≈≈≈≈,*,.....###..,,,,,***,,,
*≈≈≈≈≈≈,*,,..§§§§§#.=*,,,{**,,,,
*≈≈≈≈≈≈,#...§#5CD#§.#,*,,{,*,,,*
**≈≈≈≈≈≈≈.#..§§§§Z§#$[***,{,',,,,
*≈≈≈≈≈≈≈.#...§D1LZ##[CC*,*{,*,,,*
*{≈≈≈≈≈≈.#...§§bb§##|.$,*,,**,,,,
*≈≈≈≈≈≈≈≈.#..§§§§.###),,,,,***,,,
*≈≈≈≈≈≈≈≈≈.#.§§§#§####*******,*,,
≈≈≈≈≈≈≈≈≈≈≈.####.≈.###******,≈,**
≈≈≈≈≈≈≈≈≈≈≈≈....≈≈≈.#.,,,,*,≈≈≈,,
≈≈≈≈≈≈≈≈≈≈≈≈≈≈≈≈.≈.#..,,,,,*,≈≈≈≈
≈≈≈≈≈≈≈≈≈≈≈≈≈≈≈.≈.#.{.,,,,,,*,≈≈≈
≈≈≈≈≈≈≈≈≈≈≈≈≈≈.≈≈.#..{*,*,,,*,≈≈≈


You could see a bone dragon, 2 shard shrikes, a frost giant, an Ice Fiend, a
white imp, a ghost moth simulacrum, a wolf spider zombie and a neutral ice
dragon (fast, strong, insane).

Vanquished Creatures
  Antaeus (Coc:7)
  the Royal Jelly (Slime:5)
  Dissolution (Slime:4)
  The ghost of Manloll the Gnoll Aeon, a legendary GnMo of Cheibriados (Zot:5)
  4 ancient liches
  6 dread liches
  5 orbs of fire
  Mara (Swamp:3)
  5 juggernauts
  25 royal mummies (Tomb:1)
  Boris (Depths:4)
  Frederick (Vaults:3)
  7 Killer Klowns (Zot:5)
  Saint Roka (Vaults:1)
  Bai Suzhen (Vaults:2)
  2 shard shrikes
  2 curse toes (Zot:3)
  Xtahua (Crypt:3)
  4 caustic shrikes (Depths:4)
  Geryon (Hell)
  10 golden dragons
  Jory (Crypt:1)
  Nikola (Swamp:4)
  the Enchantress (Depths:4)
  2 bone dragons
  5 electric golems
  25 Orb Guardians (Zot:5)
  Jorgrun (D:13)
  2 deep elf blademasters (Elf:3)
  10 Ice Fiends
  18 tentacled monstrosities
  9 liches
  Asterion (Spider:1)
  16 titans
  A deep elf master archer (Elf:3)
  11 quicksilver dragons
  13 death cobs
  5 ancient champions
  2 thorn hunters
  23 acid blobs
  Agnes (Spider:4)
  18 shadow dragons
  15 sphinxes
  Kirke (D:13)
  24 storm dragons
  Donald (Orc:2)
  The ghost of Tacsoot the Fencer, an adept DrGl of Ashenzari (Depths:4)
  Roxanne (D:15)
  6 tengu reavers
  12 azure jellies
  7 revenants
  2 fenstrider witches (Swamp:1)
  A daeva (Depths:1)
  9 rockslimes
  15 fire giants
  16 deep elf sorcerers
  11 ghost moths
  12 frost giants
  3 iron dragons
  4 draconian knights
  3 deep elf elementalists (Elf:3)
  5 emperor scorpions
  14 vault wardens
  3 curse skulls
  3 draconian stormcallers
  3 draconian scorchers
  A balrug (Hell)
  7 ghouls
  10 quicksilver oozes
  46 very ugly things
  3 draconian annihilators
  2 elemental wellsprings
  3 spriggan defenders (Depths:4)
  16 ironbound preservers
  25 stone giants
  8 war gargoyles
  9 reapers
  17 vampire knights
  2 spectral titans (Crypt:3)
  10 green draconians
  7 black draconians
  5 deep elf demonologists
  6 red draconians
  4 spark wasps
  4 entropy weavers
  13 deep elf annihilators
  11 yellow draconians
  11 white draconians
  3 dire elephants
  10 purple draconians
  8 bunyips
  11 eidola
  5 deep elf death magi
  24 ettins
  13 fire dragons
  An eleionoma (Swamp:3)
  3 quicksilver dragon zombies
  2 merfolk javelineers (Depths:4)
  7 mummy priests (Tomb:1)
  26 jiangshi
  14 blizzard demons
  6 crystal guardians
  A green death (Hell)
  A kraken zombie (Coc:6)
  11 yaktaur captains
  A shambling mangrove (Swamp:4)
  A spectral quicksilver dragon (Crypt:3)
  29 vault guards
  8 deep elf high priests
  7 rakshasas
  12 great orbs of eyes
  A quicksilver dragon skeleton (Coc:6)
  15 boulder beetles
  32 ice dragons
  8 ironbound thunderhulks
  2 ogre magi
  A death knight (Crypt:3)
  An anaconda (shapeshifter) (Depths:3)
  4 peacekeepers
  A hell beast (Depths:1)
  2 centaur warriors (D:14)
  A spectral stone giant (Crypt:3)
  23 hydras
  9 spriggan air magi
  2 ghost crabs
  10 ironbound frosthearts
  31 dancing weapons
  A catoblepas (Lair:5)
  12 tengu warriors
  7 hell hogs
  11 two-headed ogres
  10 deep troll shamans
  12 alligators
  6 deep troll earth magi
  A shock serpent (shapeshifter) (Vaults:5)
  6 death yaks (Lair:6)
  15 vampire magi
  A spectral fire giant (Crypt:3)
  4 orc high priests (Orc:2)
  4 ironbound beastmasters
  7 spectral storm dragons (Crypt:3)
  A storm dragon zombie (Depths:3)
  6 spriggan berserkers
  2 titan zombies (Coc:3)
  A sun demon (Hell)
  7 hell knights
  13 deep elf knights
  8 soul eaters
  A storm dragon skeleton (Coc:4)
  6 shadow wraiths (Crypt:3)
  A golden dragon zombie (Coc:2)
  53 skeletal warriors
  47 deep trolls
  4 titan skeletons
  6 glowing orange brains
  A goliath frog (Swamp:2)
  2 iron trolls
  A spectral anaconda (Crypt:3)
  An entropy weaver zombie (Crypt:2)
  2 death drakes (Zot:3)
  10 bog bodies
  5 anaconda zombies
  8 swamp dragons
  3 spectral hydras (Crypt:3)
  2 golden dragon skeletons
  4 large abominations
  14 flayed ghosts
  Pikel (D:4)
  13 wizards
  3 spriggan druids
  19 necromancers
  A glowing orange brain (shapeshifter) (Vaults:5)
  4 lindwurms
  An orange crystal statue (Depths:4)
  A spectral wolf spider (Crypt:3)
  12 deep elf archers
  A shadow dragon zombie (Coc:3)
  9 orc knights
  2 kraken simulacra
  24 ironbound convokers
  30 phantasmal warriors
  3 shadow dragon skeletons
  2 anaconda skeletons
  28 deep elf zephyrmancers
  A spectral ettin (Crypt:3)
  12 orb spiders
  3 human zombies
  7 frost giant zombies
  2 tengu skeletons
  A manticore (shapeshifter) (Depths:3)
  9 cyclopes
  2 manticores (Elf:1)
  31 wolf spiders
  57 ugly things
  19 deep elf pyromancers
  10 fire giant zombies
  A mana viper (shapeshifter) (Vaults:4)
  5 shining eyes
  An iron dragon skeleton (Coc:4)
  3 iron dragon zombies
  6 will-o-the-wisps
  28 moths of wrath
  5 oklob plants (Lair:5)
  A draconian skeleton (Zot:3)
  A sphinx skeleton (Depths:2)
  A spectral fire dragon (Crypt:3)
  4 black mambas
  3 fire giant skeletons
  An elephant (shapeshifter) (Depths:3)
  8 rust devils (Hell)
  4 elf zombies
  2 stone giant zombies
  A stone giant skeleton (Depths:3)
  3 frost giant skeletons
  Maggie (D:8)
  5 molten gargoyles (Hell)
  13 unseen horrors
  A dire elephant zombie (Coc:7)
  A catoblepas zombie (Coc:3)
  15 vault sentinels
  3 titan simulacra
  2 orange demons (Elf:1)
  4 gargoyles
  4 smoke demons
  6 torpor snails
  10 cane toads
  5 demonic crawlers
  An unseen horror (shapeshifter) (Elf:2)
  An eye of devastation (Slime:5)
  7 storm dragon simulacra (Coc:7)
  A death yak zombie (Crypt:3)
  8 rime drakes
  8 komodo dragons
  4 sea snake zombies (Hell)
  4 anaconda simulacra (Coc:7)
  A green draconian zombie (Crypt:1)
  A spark wasp simulacrum (Depths:2)
  7 tormentors
  29 ice devils
  2 efreet (D:13)
  38 freezing wraiths
  A harpy zombie (Coc:5)
  29 yaktaurs
  A yaktaur skeleton (Vaults:4)
  3 tengu conjurers
  11 hydra zombies
  A catoblepas skeleton (Crypt:3)
  16 guardian mummies
  35 jumping spiders
  A red devil (Hell)
  A spectral harpy (Crypt:3)
  7 trolls
  A jumping spider (shapeshifter) (D:14)
  A meliai (shapeshifter) (Depths:5)
  2 bloated husks
  21 tyrant leeches
  22 hornets
  3 meliai (Spider:3)
  2 harpy skeletons
  A tengu simulacrum (Vaults:3)
  A polar bear (shapeshifter) (D:15)
  3 wolf spider simulacra
  120 slime creatures
  13 polar bears
  9 blink frogs
  A wind drake (shapeshifter) (D:14)
  A stone giant simulacrum (Crypt:3)
  4 hydra skeletons
  4 alligator zombies
  7 dream sheep
  2 slime creatures (shapeshifter)
  An iron dragon simulacrum (Vaults:4)
  A spectral black mamba (Crypt:3)
  2 ettin zombies
  2 fire dragon zombies
  2 black mamba zombies
  2 fire dragon skeletons
  38 flying skulls
  18 water elementals
  57 redbacks
  14 spriggans
  3 air elementals
  A wyvern (D:9)
  13 wraiths
  73 yaks
  7 shadows
  8 small abominations (Depths:4)
  28 tarantellas
  2 tarantellas (shapeshifter)
  2 ice dragon skeletons
  7 ushabtiu (Tomb:1)
  A golden eye (Slime:5)
  Eustachio (D:5)
  3 vampires (Vaults:3)
  3 alligator skeletons
  3 basilisks
  A hog (D:13)
  3 chaos spawn (Depths:4)
  3 fire elementals
  2 steam dragons
  7 vampire mosquitoes
  A spriggan simulacrum (Depths:2)
  A monstrous demonspawn zombie (Crypt:2)
  A sea snake simulacrum (Hell)
  8 wargs
  Duvessa (D:6)
  Edmund (D:5)
  5 hydra simulacra
  3 cane toad zombies
  15 swamp worms
  15 water moccasins
  24 hell hounds
  2 floating eyes
  A gelid demonspawn skeleton (Crypt:2)
  A deep troll skeleton (Crypt:1)
  9 swamp drakes
  A manticore zombie (Coc:4)
  2 sky beasts
  A lindwurm zombie (Crypt:1)
  33 orc warriors
  An ettin simulacrum (Crypt:3)
  7 ice beasts
  2 necrophages
  12 black bears
  A hog zombie (Crypt:3)
  An elephant zombie (Crypt:3)
  A cane toad skeleton (Coc:6)
  2 swamp dragon zombies
  25 wolves
  A blink frog zombie (Crypt:1)
  A centaur (D:11)
  8 ogres
  A dream sheep skeleton (Crypt:2)
  3 snapping turtle skeletons
  A lemure (D:4)
  A manticore skeleton (Hell)
  A yaktaur zombie (Crypt:3)
  2 spectral humans (Crypt:3)
  Blork the orc (D:6)
  7 kobold brigands
  14 bullfrogs
  A wyvern zombie (D:8)
  3 earth elementals
  Dowan (D:6)
  6 gnoll sergeants (Bailey)
  10 scorpions
  A cyclops skeleton (Crypt:1)
  A spectral wolf (Crypt:1)
  2 water moccasin skeletons
  5 killer bees (D:9)
  9 wights
  5 howler monkeys
  A spriggan skeleton (Crypt:2)
  8 electric eels
  A wolf zombie (Crypt:3)
  2 bullfrog zombies
  3 centaur zombies
  A demonspawn zombie (Crypt:1)
  23 orc priests
  3 hounds
  Crazy Yiuf (D:3)
  A bullfrog skeleton (D:5)
  8 gnoll shamans
  4 jellies
  Jessica (D:3)
  A centaur skeleton (D:6)
  Ijyb (D:4)
  Terence (D:3)
  2 iguanas
  22 orc wizards
  15 hell rats
  A killer bee zombie (Crypt:3)
  An ogre skeleton (Crypt:3)
  An acid dragon skeleton (Crypt:1)
  A hound zombie (D:5)
  15 mummies
  Robin (D:4)
  8 adders
  27 gnolls
  A river rat (D:6)
  A swamp drake zombie (Crypt:2)
  A shadow imp (D:5)
  12 white imps
  An iguana zombie (Crypt:2)
  A lava snake zombie (Crypt:1)
  4 worms
  2 dart slugs
  61 orcs
  7 ball pythons
  2 endoplasms
  5 giant cockroaches
  11 goblins
  6 hobgoblins
  10 jackals
  3 quokkas (D:6)
  A ball python zombie (Crypt:3)
  7 bats
  4 frilled lizards
  34 kobolds
  A kobold skeleton (Coc:6)
  A quokka skeleton (D:4)
  9 rats
  25 blocks of ice
  2 plants (Lair:5)
3120 creatures vanquished.

Vanquished Creatures (collateral kills)
  2 draconian annihilators (Zot:5)
  2 green draconians (Zot:5)
  A yellow draconian (Zot:5)
  A purple draconian (Zot:5)
  2 red draconians (Zot:5)
  A blizzard demon (Coc:7)
  A two-headed ogre (D:10)
  An orc high priest (Orc:2)
  An orc knight (Orc:1)
  An orc warrior (Orc:2)
  2 gnoll sergeants (Bailey)
  An orc (Orc:2)
  2 kobolds (D:9)
18 creatures vanquished.

Vanquished Creatures (others)
  An elemental wellspring (Coc:7)
  A black draconian (Zot:5)
  A red draconian (Zot:5)
  A white draconian (Zot:5)
  A hell hog (Hell)
  A spriggan druid (Swamp:4)
  An ironbound convoker (Vaults:3)
  2 wizards (Vaults:3)
  A phantasmal warrior (Vaults:4)
  A centaur zombie (D:11)
  A jumping spider (Spider:3)
  A bloated husk (Swamp:1)
  A dancing weapon (D:10)
  A flying skull (Coc:3)
  2 humans (D:13)
  2 hell rats (Hell)
  240 blocks of ice
  A bush (Lair:2)
  44 foxfires
  37 fungi
  90 plants
  4 tentacles (Coc:7)
435 creatures vanquished.

Grand Total: 3573 creatures vanquished

Notes
Turn   | Place    | Note
-------+----------+-------------------------------------------
     0 | D:1      | Tewichka the Kobold Enchanter began the quest for the Orb.
     0 | D:1      | Reached XP level 1. HP: 10/10 MP: 3/3
    58 | D:1      | Reached XP level 2. HP: 13/15 MP: 5/5
   206 | D:1      | Found a faded altar of an unknown god.
   232 | D:1      | Reached skill level 5 in Stealth
   392 | D:1      | Reached XP level 3. HP: 19/19 MP: 6/6
   702 | D:1      | Learned a level 2 spell: Ensorcelled Hibernation
   706 | D:1      | Learned a level 3 spell: Confusing Touch
  1677 | D:2      | Found a glowing golden altar of the Shining One.
  1723 | D:2      | Reached XP level 4. HP: 16/24 MP: 2/7
  2145 | D:3      | Noticed Jessica
  2715 | D:3      | Found a runed translucent door.
  2718 | D:3      | Noticed Crazy Yiuf
  2725 | D:3      | Killed Crazy Yiuf
  2726 | D:3      | Reached XP level 5. HP: 28/28 MP: 5/8
  2899 | D:3      | Killed Jessica
  2900 | D:3      | Reached skill level 1 in Fighting
  2952 | D:3      | Noticed Terence
  2958 | D:3      | Killed Terence
  3067 | D:3      | Reached XP level 6. HP: 30/34 MP: 1/10
  3138 | D:3      | Learned a level 3 spell: Dazzling Flash
  3272 | D:4      | Noticed Ijyb
  3275 | D:4      | Killed Ijyb
  3792 | D:4      | Found Utygei's Armour Shop.
  3795 | D:4      | Found Foloxzu's Armour Shop.
  3808 | D:4      | Found Fieczomip's Antique Armour Shop.
  3947 | D:4      | Noticed Pikel
  3954 | D:4      | Killed Pikel
  3955 | D:4      | Reached skill level 5 in Short Blades
  3955 | D:4      | Reached XP level 7. HP: 23/40 MP: 2/13
  3955 | D:4      | Reached XP level 8. HP: 26/45 MP: 2/14
  4161 | D:4      | Noticed Robin
  4677 | D:4      | Identified the +3 falchion "Zon Dug" {vorpal, rCorr Int+4}
  4734 | D:4      | Killed Robin
  4868 | D:5      | Entered Level 5 of the Dungeon
  4904 | D:5      | Noticed Eustachio
  4935 | D:5      | Killed Eustachio
  5385 | D:5      | Reached skill level 1 in Armour
  5561 | D:5      | Reached XP level 9. HP: 32/51 MP: 8/16
  5908 | D:5      | Noticed Edmund
  5921 | D:5      | Killed Edmund
  5922 | D:5      | Reached skill level 5 in Spellcasting
  6199 | D:5      | Learned a level 3 spell: Tukima's Dance
  6201 | D:6      | Identified a scroll of acquirement
  6201 | D:6      | Acquired the +2 pair of gloves "Fichi" {Rampage rF+ Int+3
                  | SInv}
  6242 | D:6      | Noticed Blork the orc
  6287 | D:6      | Noticed Duvessa
  6288 | D:6      | Noticed Dowan
  6293 | D:6      | Killed Duvessa
  6295 | D:6      | Killed Dowan
  6395 | D:6      | Reached skill level 5 in Dodging
  6433 | D:6      | Found a glowing drain.
  6437 | Sewer    | Entered a sewer
  6693 | Sewer    | Found a glowing silver altar of Zin.
  7038 | D:6      | Killed Blork the orc
  7372 | D:7      | Reached skill level 5 in Hexes
  7517 | D:7      | Reached skill level 10 in Stealth
  7729 | D:7      | Reached XP level 10. HP: 57/57 MP: 19/19
  7997 | D:7      | Found a staircase to the Ecumenical Temple.
  8016 | Temple   | Entered the Ecumenical Temple
  8030 | Temple   | Became a worshipper of Ashenzari the Shackled
  8447 | D:8      | Found a flagged portal.
  8476 | Bailey   | Entered a bailey
 10903 | D:8      | Noticed Maggie
 10907 | D:8      | Killed Maggie
 11395 | D:9      | Noticed a two-headed ogre
 11403 | D:9      | Killed a two-headed ogre
 11404 | D:9      | Reached skill level 5 in Fighting
 11840 | D:9      | Reached XP level 11. HP: 63/63 MP: 21/21
 11885 | D:9      | Reached * piety under Ashenzari
 12886 | D:4      | Bought the +0 buckler of Yredelemnul's Regard {Str+2} for
                  | 188 gold pieces
 12993 | D:10     | Entered Level 10 of the Dungeon
 13021 | D:10     | Noticed a two-headed ogre
 13086 | D:10     | Killed a two-headed ogre
 13087 | D:10     | Reached skill level 10 in Short Blades
 13138 | D:10     | Reached skill level 1 in Shields
 13139 | D:10     | Noticed a two-headed ogre
 13507 | D:10     | Found an iron altar of Okawaru.
 13533 | D:10     | Reached ** piety under Ashenzari
 13560 | D:10     | Killed a two-headed ogre
 14576 | D:11     | Noticed a cyclops
 14639 | D:11     | Found a staircase to the Lair.
 14647 | Lair:1   | Entered Level 1 of the Lair of Beasts
 14701 | Lair:1   | Reached XP level 12. HP: 70/70 MP: 24/24
 14706 | Lair:1   | Learned a level 4 spell: Petrify
 15641 | Lair:2   | Noticed a six-headed hydra
 15703 | Lair:2   | Reached *** piety under Ashenzari
 15772 | Lair:2   | Noticed a six-headed hydra
 16756 | Lair:2   | Killed a six-headed hydra
 16974 | Lair:2   | Reached **** piety under Ashenzari
 17148 | Lair:2   | Killed a six-headed hydra
 17211 | Lair:2   | Found a staircase to the Swamp.
 18247 | Lair:3   | Reached XP level 13. HP: 62/76 MP: 23/26
 18877 | Lair:4   | Noticed a boulder beetle
 18879 | Lair:4   | Killed a boulder beetle
 18880 | Lair:4   | Reached skill level 10 in Spellcasting
 18921 | Lair:4   | Found a hole to the Spider Nest.
 19269 | Lair:4   | Acquired a book of the Dragon
 19276 | Lair:4   | Learned a level 4 spell: Cause Fear
 19735 | Lair:5   | Noticed a six-headed hydra
 20238 | Lair:5   | Noticed a catoblepas
 20241 | Lair:5   | Killed a catoblepas
 20342 | Lair:5   | Reached skill level 15 in Stealth
 20912 | Lair:6   | Entered Level 6 of the Lair of Beasts
 20986 | Lair:6   | Reached ***** piety under Ashenzari
 21641 | Lair:6   | Noticed a boulder beetle
 21645 | Lair:6   | Killed a boulder beetle
 21646 | Lair:6   | Reached XP level 14. HP: 84/84 MP: 13/29
 22595 | Lair:6   | Identified the +2 trident of the Protecting Seer {vamp,
                  | Str+4 Int+4}
 22601 | Lair:6   | Found a viscous altar of Jiyva.
 23205 | Lair:6   | Reached skill level 10 in Dodging
 23873 | Lair:6   | Reached skill level 5 in Shields
 24366 | Lair:6   | Acquired a scarf of shadows
 24400 | Lair:6   | Acquired 879 gold pieces
 24402 | Lair:6   | Acquired a book of the Sky
 24410 | Lair:6   | Learned a level 5 spell: Silence
 24460 | Lair:6   | Acquired the +2 buckler "Jusirghith" {rPois rC+ Will-
                  | Int+4}
 24656 | Lair:6   | Found a staircase to the Slime Pits.
 25332 | Lair:6   | Found a runed translucent door.
 25802 | Lair:6   | Reached XP level 15. HP: 87/90 MP: 19/31
 26412 | D:11     | Found a staircase to the Orcish Mines.
 27290 | Orc:1    | Entered Level 1 of the Orcish Mines
 27301 | Orc:1    | Found Rariajy's Distillery.
 28122 | Orc:2    | Entered Level 2 of the Orcish Mines
 28440 | Orc:2    | Found a staircase to the Elven Halls.
 28722 | Orc:2    | Identified the +0 kite shield of Eternity {Int+4}
 28722 | Orc:2    | Noticed Donald
 29983 | Orc:2    | Killed Donald
 30280 | Orc:2    | Found Edoibiph's Jewellery Shoppe.
 30281 | Orc:2    | Found Punus's Antique Weapon Shoppe.
 30281 | Orc:2    | Found Fata's Armour Emporium.
 30282 | Orc:2    | Found Idicreuts's Armour Shoppe.
 30286 | Orc:2    | Bought the ring "Voheix" {*Corrode rF+++ rN+ Will+ SInv}
                  | for 837 gold pieces
 30442 | Orc:1    | Bought a potion of haste for 130 gold pieces
 30442 | Orc:1    | Bought a potion of curing for 39 gold pieces
 30442 | Orc:1    | Bought 2 potions of curing for 78 gold pieces
 30442 | Orc:1    | Bought a potion of might for 52 gold pieces
 30442 | Orc:1    | Bought a potion of magic for 104 gold pieces
 30442 | Orc:1    | Bought a potion of magic for 104 gold pieces
 30768 | D:12     | Reached skill level 10 in Fighting
 31165 | D:13     | Found a gate to the Vaults.
 31192 | D:13     | Reached ****** piety under Ashenzari
 31205 | D:13     | Found a hide-covered altar of Uskayaw.
 31268 | D:13     | Reached skill level 1 in Transmutations
 31274 | D:13     | Noticed Jorgrun
 31277 | D:13     | Killed Jorgrun
 31278 | D:13     | Reached skill level 1 in Ice Magic
 31278 | D:13     | Reached skill level 1 in Air Magic
 31699 | Spider:1 | Entered Level 1 of the Spider Nest
 31885 | D:4      | Bought a +0 pair of boots of flying for 149 gold pieces
 32138 | Spider:1 | Reached XP level 16. HP: 101/101 MP: 35/35
 32490 | Spider:1 | Reached skill level 10 in Hexes
 32620 | Spider:1 | Noticed Asterion
 34613 | Spider:3 | Identified the +1 plate armour of the Komodo Dragon
                  | {Rampage Fly Str+3 Int-4}
 34966 | Spider:3 | Identified the +9 short sword of Amorality {protect, *Slow
                  | rF+ rCorr Int+5}
 35457 | Spider:3 | Reached XP level 17. HP: 108/108 MP: 37/37
 35825 | Spider:4 | Entered Level 4 of the Spider Nest
 35836 | Spider:4 | Noticed Agnes
 35912 | Spider:4 | Learned a level 2 spell: Passwall
 35921 | Spider:4 | Killed Agnes
 36203 | Spider:4 | Reached skill level 1 in Earth Magic
 36930 | Spider:4 | Got a gossamer rune of Zot
 37376 | Lair:1   | Upgraded the game from 0.27-a0-972-gd1521fd518 to
                  | 0.27-a0-984-g00e00afbbc
 37401 | Swamp:1  | Entered Level 1 of the Swamp
 37646 | Swamp:1  | Reached skill level 5 in Air Magic
 37704 | Swamp:1  | Reached skill level 5 in Transmutations
 38161 | Swamp:1  | Reached XP level 18. HP: 116/116 MP: 38/38
 38179 | Swamp:1  | Reached skill level 5 in Ice Magic
 39601 | Swamp:3  | Noticed Mara
 39608 | Swamp:3  | Killed Mara
 40033 | Swamp:4  | Entered Level 4 of the Swamp
 40062 | Swamp:4  | Noticed Nikola
 41040 | Swamp:4  | Killed Nikola
 41041 | Swamp:4  | Reached skill level 15 in Spellcasting
 42481 | Swamp:4  | Reached XP level 19. HP: 125/125 MP: 42/42
 43109 | Swamp:4  | Got a decaying rune of Zot
 43938 | D:13     | Noticed Kirke
 43943 | D:13     | Killed Kirke
 44460 | Vaults:1 | Entered Level 1 of the Vaults
 44766 | Vaults:1 | Found Boziatek's Jewellery Boutique.
 44797 | Vaults:1 | Bought the amulet "Joomo" {Acrobat Fragile Will++ Slay+4}
                  | for 792 gold pieces
 45956 | Vaults:1 | Noticed Saint Roka
 45994 | Vaults:1 | Killed Saint Roka
 46719 | Vaults:2 | Found Soones's Distillery.
 46996 | Vaults:2 | Reached XP level 20. HP: 132/132 MP: 37/43
 47090 | Vaults:2 | Noticed Bai Suzhen
 47111 | Vaults:2 | Killed Bai Suzhen
 48745 | Vaults:3 | Noticed Frederick
 49341 | Vaults:3 | Found a staircase to the Crypt.
 50368 | Vaults:3 | Reached XP level 21. HP: 138/138 MP: 45/45
 50851 | Vaults:3 | Learned a level 5 spell: Lee's Rapid Deconstruction
 51299 | Vaults:3 | Killed Frederick
 51502 | Vaults:4 | Reached skill level 5 in Earth Magic
 53088 | Vaults:4 | Reached XP level 22. HP: 145/145 MP: 46/46
 53910 | D:14     | Found Eposivoi's General Store.
 54158 | D:15     | Entered Level 15 of the Dungeon
 54259 | D:15     | Found a staircase to the Depths.
 54339 | D:15     | Reached skill level 10 in Air Magic
 54412 | D:15     | Identified Roxanne's Tome of Transformation
 54412 | D:15     | Noticed Roxanne
 54418 | D:15     | Killed Roxanne
 55361 | Depths:1 | Entered Level 1 of the Depths
 55469 | Depths:1 | Reached skill level 15 in Dodging
 55818 | Depths:1 | Identified the +6 chain mail "Qoukh" {Rampage rN+++ Will-
                  | Int+4}
 56089 | Depths:1 | Found Tedogi's Book Emporium.
 56252 | Depths:1 | Bought a book of Annihilations for 2208 gold pieces
 56310 | Depths:1 | Found a gateway to Hell.
 56615 | Lair:1   | Learned a level 9 spell: Absolute Zero
 56625 | Lair:1   | Learned a level 9 spell: Tornado
 56634 | Lair:1   | Learned a level 8 spell: Necromutation
 57162 | Depths:1 | Found a runed translucent door.
 57163 | Depths:1 | Found a white marble altar of Elyvilon.
 58049 | Depths:2 | Identified the +6 rapier of Fixation {vamp, Dex+2}
 58236 | Depths:2 | Reached XP level 23. HP: 152/152 MP: 43/48
 58882 | Depths:2 | Reached skill level 10 in Ice Magic
 60967 | Depths:3 | Noticed a juggernaut
 60977 | Depths:3 | Killed a juggernaut
 60993 | Depths:3 | Found a one-way gate leading to the halls of Pandemonium.
 60994 | Depths:3 | Found a one-way gate to the infinite horrors of the Abyss.
 61233 | Depths:3 | Found a hazy altar of Hepliaklqana.
 61234 | Depths:3 | Found a shimmering blue altar of Sif Muna.
 61554 | Depths:3 | Found a sacrificial altar of Ru.
 62293 | Depths:3 | Noticed a golden dragon
 62517 | Depths:3 | Reached skill level 15 in Fighting
 62527 | Depths:3 | Reached XP level 24. HP: 160/160 MP: 48/48
 62801 | Depths:3 | Killed a golden dragon
 62828 | Depths:3 | Noticed a juggernaut
 62832 | Depths:3 | Found the +8 whip "Snakebite" {curare, rPois}
 62832 | Depths:3 | Killed a juggernaut
 62859 | Depths:3 | Noticed a juggernaut
 62874 | Depths:3 | Killed a juggernaut
 62895 | Depths:3 | Identified the +8 broad axe of Fimbulwinter {drain, rPois
                  | rC+ Dex+4}
 62895 | Depths:3 | Noticed a golden dragon
 63264 | Depths:3 | Killed a golden dragon
 63459 | Depths:4 | Upgraded the game from 0.27-a0-984-g00e00afbbc to
                  | 0.27-a0-994-g5030419646
 63883 | Depths:4 | Noticed Boris
 63886 | Depths:4 | Killed Boris
 64254 | Depths:4 | Acquired the Incunabulum of Lightness
 64333 | Depths:4 | Reached skill level 1 in Necromancy
 64382 | Depths:4 | Reached XP level 25. HP: 117/167 MP: 8/49
 64595 | Depths:4 | Found a radiant altar of Vehumet.
 64681 | Depths:4 | Noticed a caustic shrike
 64687 | Depths:4 | Noticed a juggernaut
 64693 | Depths:4 | Found a runed translucent gate.
 64693 | Depths:4 | Noticed Tacsoot's ghost (adept DrGl)
 64699 | Depths:4 | Found a runed translucent gate.
 64700 | Depths:4 | Found a runed translucent gate.
 64705 | Depths:4 | Noticed a caustic shrike
 65409 | Depths:4 | Noticed a caustic shrike
 65503 | Depths:4 | Noticed a juggernaut
 65600 | Depths:4 | Noticed a caustic shrike
 65782 | Depths:4 | Reached skill level 15 in Air Magic
 66252 | Depths:4 | Noticed the Enchantress
 66347 | Depths:4 | Killed the Enchantress
 66561 | Depths:4 | Killed a caustic shrike
 66576 | Depths:4 | Killed a caustic shrike
 66628 | Depths:4 | Reached skill level 5 in Necromancy
 66649 | Depths:4 | Killed a juggernaut
 66652 | Depths:4 | Identified the +8 quarterstaff of Gravity {speed, rElec
                  | Will+ Str-3}
 67486 | Depths:5 | Entered Level 5 of the Depths
 67521 | Depths:5 | Found a gateway to a ziggurat.
 68202 | Depths:5 | Identified the Reference Book on Bewitching Conjuration
 68272 | Depths:5 | Found a white marble altar of Elyvilon.
 68725 | Depths:5 | Reached XP level 26. HP: 103/174 MP: 20/49
 69206 | Depths:5 | Found a gate to the Realm of Zot.
 69915 | Crypt:1  | Entered Level 1 of the Crypt
 69931 | Crypt:1  | Noticed a dread lich
 69933 | Crypt:1  | Killed a dread lich
 71795 | Crypt:1  | Noticed Jory
 71840 | Crypt:1  | Found a basalt altar of Yredelemnul.
 71846 | Crypt:1  | Reached skill level 10 in Transmutations
 71849 | Crypt:1  | Killed Jory
 72163 | Crypt:1  | Identified the +0 robe of Devuam {Rampage rF+++ rC- Int-3}
 72572 | Crypt:2  | Reached skill level 5 in Armour
 72882 | Crypt:2  | Reached skill level 15 in Ice Magic
 74064 | Crypt:3  | Entered Level 3 of the Crypt
 74265 | Crypt:3  | Identified the +3 ring mail of the First Snow {+Blink}
 74265 | Crypt:3  | Found a basalt altar of Yredelemnul.
 74371 | Crypt:3  | Noticed Xtahua
 74391 | Crypt:3  | Found a staircase to the Tomb.
 74396 | Crypt:3  | Noticed a dread lich
 74399 | Crypt:3  | Reached XP level 27. HP: 107/180 MP: 35/49
 74415 | Crypt:3  | Killed a dread lich
 75466 | Crypt:3  | Acquired 759 gold pieces
 75727 | Crypt:3  | Identified the +1 robe of the Frog {Str+4 Int+4 Slay+3}
 75728 | Crypt:3  | Identified the Volume of Attacks
 76738 | Crypt:3  | Identified the amulet "Hiegilir" {rC+ rN+ Regen+ Dex+3}
 76739 | Crypt:3  | Found an ancient bone altar of Kikubaaqudgha.
 76740 | Crypt:3  | Identified the amulet of Fragile Peace {rElec rN+ Regen+}
 77173 | Crypt:3  | Gained mutation: You do not regenerate when monsters are
                  | visible. [mutagenic glow]
 77186 | Crypt:3  | Killed Xtahua
 77428 | Crypt:3  | Identified the Incunabulum of Darkness
 77432 | Crypt:3  | Identified the Collected Works on Necromancy
 77433 | Crypt:3  | Found a basalt altar of Yredelemnul.
 77682 | Crypt:3  | Found the +4 dagger "Morg" {pain, Will+ Int+5}
 78094 | Slime:1  | Entered Level 1 of the Pits of Slime
 78234 | Lair:6   | Lost mutation: You do not regenerate when monsters are
                  | visible. [potion of mutation]
 78234 | Lair:6   | Gained mutation: You are frail. (-10% HP) [potion of
                  | mutation]
 78234 | Lair:6   | Gained mutation: You have a pair of small antennae on your
                  | head. [potion of mutation]
 78234 | Lair:6   | Gained mutation: You are partially covered in iridescent
                  | scales. (AC +2) [potion of mutation]
 78235 | Lair:6   | Lost mutation: You are frail. (-10% HP) [potion of
                  | mutation]
 78235 | Lair:6   | Gained mutation: You are agile. (Dex +2) [potion of
                  | mutation]
 78235 | Lair:6   | Gained mutation: Your mind is acute. (Int +2) [potion of
                  | mutation]
 78236 | Lair:6   | Lost mutation: You have a pair of small antennae on your
                  | head. [potion of mutation]
 78236 | Lair:6   | Lost mutation: You are agile. (Dex +2) [potion of mutation]
 78236 | Lair:6   | Gained mutation: You have sharp toenails. [potion of
                  | mutation]
 78236 | Lair:6   | Gained mutation: Your system is resistant to poisons.
                  | (rPois) [potion of mutation]
 79248 | Slime:1  | Reached skill level 10 in Necromancy
 80959 | Slime:4  | Noticed Dissolution
 80960 | Slime:4  | Killed Dissolution
 82258 | Slime:5  | Entered Level 5 of the Pits of Slime
 82293 | Slime:5  | Noticed the Royal Jelly
 82297 | Slime:5  | Killed the Royal Jelly
 83259 | Slime:5  | Found the +3 sling "Punk" {acid, rCorr}
 83270 | Slime:5  | Identified the ring of the Gloaming {rPois rF- Int+5
                  | Stlth+}
 83304 | Slime:5  | Identified Ivecarph's Almanac of Weightlessness
 83459 | Slime:5  | Identified the +1 leather armour "Gamacogi" {rF+}
 83462 | Slime:5  | Got a slimy rune of Zot
 84735 | Elf:1    | Entered Level 1 of the Elven Halls
 84770 | Elf:1    | Identified Luawodes's Incunabulum of Evil Secrets
 85296 | Elf:1    | Identified the +4 battleaxe "Diecod" {freeze, +Blink rC+}
 86203 | Elf:2    | Found Vuetho's Assorted Antiques.
 86243 | Elf:2    | Bought a scroll of teleportation for 78 gold pieces
 86303 | Elf:2    | Found Cysib's General Store.
 86598 | Elf:2    | Found Potucun's Weapon Boutique.
 86949 | Elf:2    | Found Fuizxuuwot's Distillery.
 86976 | Elf:2    | Found Hasuduu's Antique Weapon Shop.
 86982 | Elf:2    | Bought 2 potions of mutation for 224 gold pieces
 86982 | Elf:2    | Bought a potion of heal wounds for 70 gold pieces
 86982 | Elf:2    | Bought a potion of cancellation for 112 gold pieces
 87328 | Elf:2    | Found a huge runed translucent gate.
 87328 | Elf:2    | Found a huge runed translucent gate.
 87328 | Elf:2    | Found a huge runed translucent gate.
 87328 | Elf:2    | Found a huge runed translucent gate.
 87333 | Elf:2    | Found a huge runed translucent gate.
 87625 | Elf:2    | Reached skill level 10 in Earth Magic
 87996 | Elf:3    | Entered Level 3 of the Elven Halls
 88507 | Elf:3    | Found a portal to a secret trove of treasure.
 89629 | Elf:3    | You paid a toll of a +6 demon whip to enter a treasure
                  | trove
 89630 | Trove    | Entered a treasure trove
 89630 | Trove    | Identified the ring "Isealuo" {Ice rPois}
 89630 | Trove    | Identified the amulet "Hirips" {Regen+ Str+2 Int+2}
 89632 | Trove    | Identified the ring of Honyxo {rC+ rN+ Dex+6 Stlth+}
 89633 | Trove    | Identified the amulet "Seotirau" {RegenMP rPois rF+ rC-
                  | rN+}
 89636 | Trove    | Identified the ring of Hiuh {Ice Drain rPois rCorr Str+7}
 89640 | Trove    | Identified the ring "Vonaynif" {rC+ Will+ rCorr Dex+7}
 89857 | Elf:3    | Identified the Guide on Sinister Rites and Malediction
 90366 | Elf:3    | Identified the amulet "Ykling" {Reflect rN+ Str-3 Int+3
                  | SH+5}
 90395 | Elf:3    | Identified the +5 tower shield of an ossuary {rElec}
 90414 | Elf:3    | Identified the +1 shortbow of Yclain {flame, rElec Int+3
                  | Dex-2}
 90653 | Elf:3    | Found Dogimorch's Armour Boutique.
 91437 | Tomb:1   | Entered Level 1 of the Tomb of the Ancients
 91521 | Tomb:1   | Noticed a royal mummy
 91882 | Tomb:1   | Noticed a royal mummy
 91900 | Tomb:1   | Noticed a royal mummy
 91908 | Tomb:1   | Noticed a royal mummy
 91942 | Tomb:1   | Noticed a royal mummy
 92166 | Tomb:1   | Noticed a royal mummy
 92229 | Tomb:1   | Noticed a royal mummy
 92231 | Tomb:1   | Killed a royal mummy
 92293 | Tomb:1   | Noticed a royal mummy
 92295 | Tomb:1   | Killed a royal mummy
 92431 | Tomb:1   | Noticed a royal mummy
 92431 | Tomb:1   | Noticed a royal mummy
 92471 | Tomb:1   | Noticed a royal mummy
 92515 | Tomb:1   | Noticed a royal mummy
 92520 | Tomb:1   | Noticed a royal mummy
 92570 | Tomb:1   | Killed a royal mummy
 92646 | Tomb:1   | Learned a level 9 spell: Shatter
 92659 | Tomb:1   | Learned a level 9 spell: Death's Door
 92668 | Tomb:1   | Learned a level 8 spell: Discord
 92685 | Tomb:1   | Noticed a royal mummy
 92686 | Tomb:1   | Noticed a royal mummy
 92778 | Tomb:1   | Noticed a royal mummy
 92816 | Tomb:1   | Noticed a royal mummy
 92835 | Tomb:1   | Noticed a royal mummy
 93067 | Tomb:1   | Killed a royal mummy
 93071 | Tomb:1   | Noticed a royal mummy
 93076 | Tomb:1   | Killed a royal mummy
 93139 | Tomb:1   | Killed a royal mummy
 93148 | Tomb:1   | Killed a royal mummy
 93156 | Tomb:1   | Killed a royal mummy
 93164 | Tomb:1   | Killed a royal mummy
 93252 | Tomb:1   | Noticed a royal mummy
 93258 | Tomb:1   | Killed a royal mummy
 93274 | Tomb:1   | Killed a royal mummy
 93284 | Tomb:1   | Noticed a royal mummy
 93285 | Tomb:1   | Killed a royal mummy
 93285 | Tomb:1   | Noticed a royal mummy
 93329 | Tomb:1   | Killed a royal mummy
 93380 | Tomb:1   | Killed a royal mummy
 93385 | Tomb:1   | Killed a royal mummy
 93389 | Tomb:1   | Killed a royal mummy
 93390 | Tomb:1   | Killed a royal mummy
 93466 | Tomb:1   | Killed a royal mummy
 93471 | Tomb:1   | Noticed a royal mummy
 93473 | Tomb:1   | Killed a royal mummy
 93479 | Tomb:1   | Killed a royal mummy
 93481 | Tomb:1   | Killed a royal mummy
 93626 | Tomb:1   | Noticed a royal mummy
 93629 | Tomb:1   | Killed a royal mummy
 93707 | Tomb:1   | Noticed a royal mummy
 93709 | Tomb:1   | Killed a royal mummy
 93728 | Tomb:1   | Killed a royal mummy
 93820 | Tomb:1   | Killed a royal mummy
 94092 | Crypt:3  | Upgraded the game from 0.27-a0-994-g5030419646 to
                  | 0.27-a0-998-g4cfe56dd59
 94097 | Crypt:3  | Learned a level 3 spell: Swiftness
 94584 | Zot:1    | Entered Level 1 of the Realm of Zot
 94606 | Zot:1    | Noticed an orb of fire
 94609 | Zot:1    | Killed an orb of fire
 94620 | Zot:1    | Learned a level 8 spell: Borgnjor's Revivification
 94678 | Zot:1    | Acquired 525 gold pieces
 94890 | Zot:1    | Noticed an orb of fire
 94891 | Zot:1    | Killed an orb of fire
 96518 | Zot:2    | Reached skill level 15 in Necromancy
 97299 | Zot:2    | Noticed an orb of fire
 97302 | Zot:2    | Killed an orb of fire
 98141 | Zot:3    | Reached skill level 10 in Armour
 98594 | Zot:3    | Noticed an ancient lich
 98596 | Zot:3    | Killed an ancient lich
100243 | Zot:5    | Entered Level 5 of the Realm of Zot
100847 | Zot:5    | Found a runed translucent gate.
100848 | Zot:5    | Found a runed translucent gate.
100849 | Zot:5    | Found a runed translucent gate.
101335 | Zot:5    | Noticed an ancient lich
101346 | Zot:5    | Killed an ancient lich
101453 | Zot:5    | Noticed an orb of fire
101460 | Zot:5    | Noticed a Killer Klown
101472 | Zot:5    | Noticed a Killer Klown
101582 | Zot:5    | Killed a Killer Klown
101751 | Zot:5    | Noticed a Killer Klown
101785 | Zot:5    | Killed an orb of fire
101786 | Zot:5    | Killed a Killer Klown
101937 | Zot:5    | Killed a Killer Klown
102130 | Zot:5    | Noticed a Killer Klown
102131 | Zot:5    | Killed a Killer Klown
102269 | Zot:5    | Noticed a Killer Klown
102277 | Zot:5    | Killed a Killer Klown
102304 | Zot:5    | Noticed a Killer Klown
102305 | Zot:5    | Killed a Killer Klown
102339 | Zot:5    | Noticed a Killer Klown
102343 | Zot:5    | Killed a Killer Klown
102424 | Zot:5    | Noticed an orb of fire
102433 | Zot:5    | Killed an orb of fire
102771 | Zot:5    | Noticed Manloll's ghost (legendary GnMo)
102795 | Zot:5    | Killed Manloll's ghost
103612 | Spider:1 | Killed Asterion
104507 | Depths:4 | Killed a juggernaut
104508 | Depths:4 | Reached skill level 15 in Transmutations
104508 | Depths:4 | Killed Tacsoot's ghost
105076 | Vaults:5 | Entered Level 5 of the Vaults
105300 | Vaults:5 | Noticed a dread lich
105312 | Vaults:4 | Killed a dread lich
105600 | Vaults:5 | Noticed an ancient lich
105867 | Vaults:5 | Killed an ancient lich
105874 | Vaults:5 | Noticed a dread lich
105883 | Vaults:5 | Killed a dread lich
106247 | Vaults:5 | Noticed a dread lich
106248 | Vaults:5 | Killed a dread lich
106255 | Vaults:5 | Identified the +5 halberd "Tewichka's Death" {holy, Str+7
                  | Dex+3}
106323 | Vaults:5 | Identified the +8 dagger of Plague {holy, rElec Str-2
                  | Dex+2}
106855 | Vaults:5 | Noticed an ancient lich
106857 | Vaults:5 | Killed an ancient lich
107210 | Vaults:5 | Identified the ring "Cokaheuj" {Fly rPois Str+3}
107641 | Vaults:5 | Got a silver rune of Zot
108499 | Hell     | Entered the Vestibule of Hell
108522 | Hell     | Noticed Geryon
108537 | Hell     | Killed Geryon
108851 | Hell     | Found a gateway to the freezing wastes of Cocytus.
109238 | Hell     | Found a gateway to the decaying netherworld of Tartarus.
109347 | Hell     | Found a gateway to the Iron City of Dis.
109418 | Hell     | Found a gateway to the ashen valley of Gehenna.
109791 | Coc:1    | Entered Level 1 of Cocytus
109859 | Coc:3    | Noticed a shard shrike
109870 | Coc:3    | Killed a shard shrike
110060 | Coc:3    | Reached skill level 15 in Earth Magic
110207 | Coc:5    | Noticed a dread lich
110251 | Coc:5    | Killed a dread lich
110662 | Coc:4    | You are sucked into a shaft and drop 1 floor!
110998 | Coc:7    | Entered Level 7 of Cocytus
111490 | Coc:7    | Noticed Antaeus
111502 | Coc:7    | Killed Antaeus
111509 | Coc:7    | Noticed a shard shrike
111509 | Coc:7    | Killed a shard shrike
111546 | Coc:7    | Got an icy rune of Zot
111624 | Coc:7    | Identified the +1 robe of the Armoured One {Stlth+}
111626 | Coc:7    | Identified the +7 great sword of Nuid {antimagic, rN+
                  | Dex+4}
111652 | Coc:7    | Noticed a shard shrike
111652 | Coc:7    | Noticed a shard shrike
111653 | Coc:7    | HP: 8/199 [frost giant/bolt of cold (20)]
111653 | Coc:7    | Mangled by an Ice Fiend

Illustrated notes

Levels and vault maps discovered:
D:1:      minmay_arrival_radiant_lines, layout_basic,
          ebering_ecumenical_altar_webs, minmay_misc_feat_five,
          minmay_misc_feat_iff, minmay_misc_feat_rugged, serial_bayou_ford_a,
          minmay_tromino_v4_a
D:2:      layout_basic, basic_altar, feat_on_display
D:3:      layout_basic, serial_glass, glass_columns_a, glass_columns_b,
          minmay_strange_pillars, minmay_misc_feat_roman, uniq_jessica,
          uniq_crazy_yiuf_cottage, uniq_terence
D:4:      layout_basic, serial_shops, shop_fountains,
          nicolae_shop_overgrown_old_shop, shop_statue, uniq_pikel, uniq_robin,
          uniq_ijyb
D:5:      layout_loops_ring, uniq_edmund, uniq_eustachio
D:6:      layout_rooms, gup_sewer_entry_spiral, chequers_serial_rivers_large_a,
          minmay_strange_pillars, lightli_corner_chamber, uniq_duvessa,
          uniq_blork_the_orc
D:7:      layout_cave_pods, minmay_temple_entry_wispy, grunt_ministairs_6
D:8:      layout_basic, enter_bailey_5, uniq_maggie
D:9:      layout_loops_ring
D:10:     layout_loops_ring, okawaru_gym_becter, grunt_ministairs_11,
          centaur_isle
D:11:     layout_irregular_city, lair_entry_dummy, orc_0_dummy,
          minmay_fountain_box, minmay_misc_feat_enclosed,
          lemuel_flamethrower_hall
D:12:     layout_rooms, minivault_23
D:13:     layout_loops_corners, erik_vaults_1, nicolae_uskayaw_suspiria,
          uniq_jorgrun, uniq_kirke
D:14:     layout_basic, serial_shops, shop, infiniplex_staircase_spiral
D:15:     grunt_enter_depths_snipers, layout_loops_corners, hex_medium,
          uniq_roxanne
Temple:   nicolae_temple_the_god_donut
Lair:1:   layout_long_grid
Lair:2:   kb_forest_paths, layout_layer_cave, skrybe_swamp_entry_bodies
Lair:3:   layout_layer_cave
Lair:4:   layout_loops_ring, nicolae_spider_entry_non_spiders,
          nzn_sisyphean_effort
Lair:5:   dpeg_oklob_gauntlet, layout_misc_corridors, lemuel_fruit_tree
Lair:6:   hangedman_lair_caniforms_friends, layout_hall_layers, wormcave,
          dpeg_slime_entry_enclosed_altar, pond, serial_bayou_shore_a
Swamp:1:  layout_falls_marsh, evilmike_swamp_ruin_house_3,
          infiniplex_staircase_pool_2
Swamp:2:  layout_basic_swamp, evilmike_swamp_ruin_house_4,
          hangedman_swamp_wriggling
Swamp:3:  layout_falls_marsh, evilmike_swamp_ruin_rubble_2, swamp_pool1,
          uniq_mara
Swamp:4:  swamp, layout_basic_swamp, swamp_pool4, infiniplex_staircase_pool,
          uniq_nikola
Spider:1: layout_spider_delve, uniq_asterion
Spider:2: layout_spider_delve
Spider:3: layout_spider_delve
Spider:4: spider_rune_water, uniq_agnes
Slime:1:  cheibrodos_slime_lost_civilization_1, layout_caves
Slime:2:  layout_caves
Slime:3:  layout_caves
Slime:4:  nicolae_slime_pool, layout_caves, dissolution_awaits
Slime:5
Orc:1:    layout_diamond_mine, serial_shops, nicolae_shop_crystal
Orc:2:    st_orc_pillars, layout_diamond_mine, uniq_donald
Elf:1:    minmay_coctagon, layout_gridlike, minmay_elf_necromancy,
          minmay_misc_feat_alley, minivault_14, einodemon_barbed_minivault
Elf:2:    layout_geoelf_octagon, serial_shops, shop, shop_fountains,
          nicolae_shop_window_shopping, shop, shop, serial_sigils,
          serial_sigils_hangedman_leer, serial_sigils_hangedman_stare,
          serial_sigils_hangedman_gut, corner_web_ring, st_stairs_11,
          due_unseen_surprise
Elf:3:    minmay_elf_hall_dome, layout_loops_cross, enter_trove_6, serial_shops,
          shop, minivault_16
Vaults:1: hangedman_vaults_corner, nicolae_vaults_angled_halls,
          vaults_room_octagon, nicolae_vaults_little_ls, v_alt_pattern_6,
          nicolae_vaults_network_s, nicolae_vaults_angled_halls,
          nicolae_vaults_specimen_jars, ontoclasm_vaults_twist,
          layout_vaults_omnigrid, serial_shops, nicolae_shop_window_shopping,
          uniq_saint_roka
Vaults:2: grunt_vaults_diagonal, ontoclasm_vaults_spin, vaults_room_door_hall,
          vaults_dpeg_hooks, vaults_room_pools, vaults_room_pools, v_rooms_3,
          nicolae_vaults_asterisk, nicolae_vaults_alarming,
          vaults_room_door_ring, v_alt_pattern_1, ontoclasm_vaults_hangar,
          nicolae_vaults_twisting_passages, vaults_room_ringed_pool,
          vaults_room_door_hall, layout_vaults_big_cross, serial_shops, shop,
          uniq_bai_suzhen
Vaults:3: v_rooms_5, v_alt_pattern_6, ontoclasm_vaults_claustrophobia,
          minmay_crypt_entry_vampire_xt, hangedman_vaults_nails,
          nicolae_vaults_little_squares_1, hangedman_vaults_slice,
          hangedman_vaults_cutoff, hangedman_vaults_unwind, v_misc_8,
          st_spiral_rooms, v_misc_24, nicolae_vaults_rhombus_5,
          hangedman_vaults_corner_blocks, layout_vaults_omnibox, uniq_margery,
          uniq_frederick
Vaults:4: v_misc_30, nicolae_vaults_network_star, hangedman_vaults_capsules,
          nicolae_vaults_little_squares_6, ontoclasm_vaults_chip,
          ontoclasm_vaults_misaligned, vaults_room_pools, vaults_mumra_hexcomb,
          hangedman_vaults_cutoff, layout_vaults_ring
Vaults:5
Crypt:1:  lemuel_vampire_tower, layout_rooms, small_chamber_with_monster,
          hangedman_batty
Crypt:2:  layout_misc_corridors, grunt_megastairs_2
Crypt:3:  due_elkab, layout_chaotic_city, basic_altar,
          hangedman_crypt_dual_shrines, uniq_xtahua
Tomb:1
Depths:1: layout_basic, serial_shops, kennysheep_little_box, serial_glass,
          glass_columns_b, glass_columns_a, glass_columns_c, glass_columns_a,
          glass_columns_a, hellmouth_1, chequers_serial_rivers_room_b,
          lemuel_angel_altar, grunt_megastairs_1
Depths:2: minmay_octagon_keep, layout_cave_shapes, pf_coc_iceberg,
          infiniplex_staircase_star, grunt_megastairs_4
Depths:3: hangedman_slaughterboxes, hell_entry, pan_entry, abyss_entry
Depths:4: gammafunk_depths_water_palace, layout_honeycomb,
          grunt_hell_entry_dis_mu, nicolae_vehumet_radiance,
          minmay_room_of_horrors, gammafunk_ghost_split,
          hangedman_stitches_earthworm, uniq_boris
Depths:5: grunt_zot_entry_gee_three, layout_cave_shapes, enter_ziggurat_b,
          hell_entry, elyvilon_altar_5, serial_co_window_serial,
          co_window_corner_a, co_window_paths_a, co_window_paths_a,
          co_window_paths_b, co_window_paths_a, co_window_broadway_c,
          co_window_of_opportunity_c, co_window_unsneaky_path_c,
          co_window_2corner, co_window_of_opportunity_c, glass_columns_c,
          glass_columns_b
Hell
Coc:1:    layout_ice_bergs
Coc:2:    layout_cocytus_water_paths
Coc:3:    grunt_deathspiral_small, layout_cocytus_water_paths
Coc:4:    layout_ice_bergs
Coc:5:    layout_cocytus_water_paths, special_room [special_room_morgue],
          lemuel_elevator
Coc:6:    layout_ice_bergs
Coc:7:    coc_hangedman
Zot:1:    minmay_elemental_castle, layout_concentric_octagons, st_stairs_4,
          hangedman_zot_decor_scrapings
Zot:2:    kennysheep_six_static_rooms, layout_concentric_octagons,
          nicolae_lava_and_water, bh_zot_lava_cross
Zot:3:    nicolae_moth_party, layout_onion_interference,
          hangedman_snap_crack_crunch
Zot:4:    layout_concentric_octagons, lemuel_baited_zot_trap,
          lemuel_lake_of_fire
Zot:5:    layout_cathedral_of_symmetry, gammafunk_ghost_split,
          grunt_ministairs_14

Skill      XL: |  1  2  3  4  5  6  7  8  9 10 11 12 13 14 15 16 17 18 19 20 21 22 23 24 25 26 27 |
---------------+----------------------------------------------------------------------------------+-----
Stealth        | 5 6 8 10 11 12 14 15 16 18 19 20 21 22 | 22.5
Short Blades   | 2 3 5 6 7 9 10 | 10.8
Fighting       | 1 2 3 4 5 6 7 8 9 10 11 12 13 14 15 16 20 | 20.1
Dodging        | 3 4 5 6 7 8 9 10 11 12 13 14 15 17 | 17.5
Spellcasting   | 3 4 6 7 8 9 11 12 13 14 15 16 17 18 19 21 | 21.6
Hexes          | 4 5 6 7 8 9 10 11 12 | 12.5
Armour         | 1 2 3 4 5 13 | 13.1
Shields        | 1 3 4 5 |  5.6
Transmutations | 1 3 5 6 7 8 9 10 16 | 16.7
Ice Magic      | 1 3 4 6 7 8 9 11 13 14 15 22 | 22.9
Air Magic      | 1 3 5 6 7 8 9 11 13 14 15 16 20 | 20.3
Earth Magic    | 1 3 4 6 7 15 | 15.7
Necromancy     | 1 6 8 20 | 20.2

Action                   |  1- 3 |  4- 6 |  7- 9 | 10-12 | 13-15 | 16-18 | 19-21 | 22-24 | 25-27 || total
-------------------------+-------+-------+-------+-------+-------+-------+-------+-------+-------++-------
Melee: Dagger            |    58 |    62 |   147 |   332 |   639 |   607 |   445 |   769 |  1628 ||  4687
       Rapier            |       |       |    48 |       |       |       |       |       |       ||    48
       Punch             |       |       |       |     1 |       |       |       |       |       ||     1
Throw: Dart              |       |       |       |     2 |     2 |     1 |       |       |       ||     5
 Cast: Ensorcelled Hiber |     9 |    30 |    74 |   185 |   374 |   173 |   201 |   182 |    25 ||  1253
       Confusing Touch   |     1 |     1 |     7 |     8 |    31 |    16 |    24 |    78 |    83 ||   249
       Corona            |     1 |       |       |     1 |       |       |       |       |       ||     2
       Tukima's Dance    |       |       |       |    17 |     8 |       |       |       |       ||    25
       Dazzling Flash    |       |       |       |    14 |    15 |    28 |    10 |    25 |       ||    92
       Cause Fear        |       |       |       |       |    20 |     7 |     9 |       |       ||    36
       Silence           |       |       |       |       |     2 |       |     2 |       |       ||     4
       Passwall          |       |       |       |       |       |    34 |    18 |    60 |    19 ||   131
       Petrify           |       |       |       |       |       |    22 |    44 |       |     7 ||    73
       Lee's Rapid Decon |       |       |       |       |       |       |     5 |    15 |     4 ||    24
       Tornado           |       |       |       |       |       |       |       |     7 |   283 ||   290
       Absolute Zero     |       |       |       |       |       |       |       |     2 |   269 ||   271
       Necromutation     |       |       |       |       |       |       |       |       |   301 ||   301
       Shatter           |       |       |       |       |       |       |       |       |    26 ||    26
       Discord           |       |       |       |       |       |       |       |       |    10 ||    10
       Swiftness         |       |       |       |       |       |       |       |       |     2 ||     2
Invok: Curse Item        |       |       |       |     7 |     5 |     3 |     1 |       |     4 ||    20
       Shatter the Chain |       |       |       |       |     5 |       |     1 |       |     3 ||     9
Evoke: Wand              |       |       |       |       |     3 |     4 |       |       |     3 ||    10
       Condenser vane    |       |       |       |       |       |       |       |       |     1 ||     1
  Use: Potion            |     3 |     1 |     4 |     3 |     1 |     3 |     2 |     2 |     7 ||    26
       Scroll            |     1 |       |     7 |     1 |    11 |     5 |     4 |    10 |    14 ||    53
 Stab: Sleeping          |    23 |    26 |    62 |   126 |   277 |   242 |   248 |   202 |   122 ||  1328
       Confused          |     1 |       |     3 |     7 |    30 |    15 |    26 |    83 |    69 ||   234
       Invisible         |       |       |       |     9 |     5 |    40 |     5 |    10 |       ||    69
       Distracted        |       |       |       |     3 |     6 |     1 |     1 |     3 |    19 ||    33
       Held in net/web   |       |       |       |       |       |     1 |       |       |       ||     1
       Petrified         |       |       |       |       |       |     7 |    17 |       |     1 ||    25
       Fleeing           |       |       |       |       |       |       |     1 |       |       ||     1
       Petrifying        |       |       |       |       |       |       |       |       |     2 ||     2
Armor: Robe              |     9 |    17 |    32 |    25 |       |       |       |       |       ||    83
       Steam dragon scal |       |       |       |    34 |   109 |    46 |    40 |    67 |    77 ||   373
       Acid dragon scale |       |       |       |       |       |       |       |       |   485 ||   485
Dodge: Dodged            |    33 |    55 |   125 |   243 |   465 |   349 |   269 |   381 |  1656 ||  3576
Block: Buckler           |       |       |       |       |   111 |   185 |   125 |   183 |   867 ||  1471

Table legend: (Time is in decaauts)
 A = Elapsed time spent in this place.
 B = Non-inter-level travel time spent in this place.
 C = Inter-level travel time spent in this place.
 D = Time resting spent in this place.
 E = Time spent auto-exploring this place.
 F = Levels seen in this place.
 G = Mean time per level.
                   A        B        C        D        E       F      G
               +--------+--------+--------+--------+--------+-----+--------+
         Total | 109804 | 100267 |   9537 |  30542 |  39459 |  70 | 1568.6 |
       Dungeon |  19964 |  16454 |   3510 |   2719 |  10004 |  15 | 1330.9 |
        Temple |     22 |     20 |      2 |      0 |      5 |   1 |   22.0 |
          Lair |  12494 |  11389 |   1105 |   3550 |   5407 |   6 | 2082.3 |
         Swamp |   5899 |   5593 |    306 |   2649 |   1402 |   4 | 1474.8 |
   Spider Nest |   5359 |   5137 |    222 |   1270 |   1501 |   4 | 1339.8 |
    Slime Pits |   5479 |   5267 |    212 |   1653 |   2900 |   5 | 1095.8 |
  Orcish Mines |   3224 |   2939 |    285 |    641 |   1107 |   2 | 1612.0 |
   Elven Halls |   5121 |   4727 |    394 |    845 |   2706 |   3 | 1707.0 |
        Vaults |  12283 |  11563 |    720 |   3285 |   4835 |   5 | 2456.6 |
         Crypt |   7855 |   7562 |    293 |   3249 |   1735 |   3 | 2618.3 |
          Tomb |   2669 |   2660 |      9 |    759 |    276 |   1 | 2669.0 |
        Depths |  15814 |  13571 |   2243 |   5909 |   3390 |   5 | 3162.8 |
          Hell |   1347 |   1347 |      0 |    535 |    447 |   1 | 1347.0 |
       Cocytus |   1526 |   1526 |      0 |     89 |      0 |   7 |  218.0 |
           Zot |   8386 |   8155 |    231 |   2179 |   3492 |   5 | 1677.2 |
         Trove |     58 |     58 |      0 |      0 |      0 |   1 |   58.0 |
         Sewer |    386 |    386 |      0 |      0 |    213 |   1 |  386.0 |
        Bailey |   1913 |   1913 |      0 |   1208 |     38 |   1 | 1913.0 |
               +--------+--------+--------+--------+--------+-----+--------+

Top non-repeatable levels by time:
  Lair:6: 4615 daAuts
Depths:4: 4561 daAuts
 Crypt:3: 3566 daAuts
Depths:3: 3514 daAuts
Vaults:4: 2988 daAuts
Depths:2: 2979 daAuts
Vaults:3: 2897 daAuts
 Crypt:1: 2837 daAuts
  Tomb:1: 2669 daAuts
Depths:1: 2602 daAuts
   Zot:5: 2557 daAuts
Vaults:2: 2396 daAuts
   Orc:2: 2276 daAuts
 Slime:4: 2261 daAuts
Depths:5: 2156 daAuts
